 Dungeon Crawl Stone Soup version 0.31-a0-163-gb40cd77e26 (webtiles) character file.

Game seed: 10883163511067689509

8115 qw the Skirmisher (level 11, -7/103 HPs)
             Began as a Naga Hunter on June 13, 2023.
             Was a Believer of Okawaru.
             Mangled by a yak (13 damage)
             ... on level 10 of the Dungeon.
             The game lasted 00:04:05 (11056 turns).

qw the Skirmisher (Naga Hunter)                    Turns: 11056, Time: 00:04:06

Health: -7/103     AC: 13    Str: 14    XL:     11   Next: 25%
Magic:  14/14      EV: 18    Int: 10    God:    Okawaru [**....]
Gold:   154        SH:  0    Dex: 24    Spells: 10/10 levels left

rFire   . . .        Y - +2 shortbow
rCold   . . .        (shield currently unavailable)
rNeg    + . .        g - +0 steam dragon scales
rPois   +            m - +1 helmet
rElec   .            k - +0 cloak
rCorr   .            r - +0 pair of gloves
SInv    +            (no barding)
Will    +....        (no amulet)
Stlth   ++++         e - +6 ring of dexterity
HPRegen 0.37/turn    p - ring of positive energy
MPRegen 0.14/turn

%: no passive effects
@: heroic, very slow
A: AC +3, large, see invisible, deformed body, poison resistance, slowness 2,
spit poison 1, naga tail 1
a: Spit Poison, Renounce Religion, Heroism


You were on level 10 of the Dungeon.
You worshipped Okawaru.
Okawaru was pleased with you.
You visited 2 branches of the dungeon, and saw 11 of its levels.

You collected 529 gold pieces.
You spent 375 gold pieces at shops.


Innate Abilities, Weirdness & Mutations

Your serpentine skin is tough. (AC +3)
You have supernaturally acute eyesight. (SInv)
Armour fits poorly on your strangely shaped body.
Your system is resistant to poisons. (rPois)
You cover ground very slowly.
You can spit poison.
You have a snake-like lower body.


   Skills:
 - Level 8.0(13.0) Fighting
 + Level 12.5(17.5) Ranged Weapons
 - Level 3.0(8.0) Armour
 - Level 5.0(10.0) Dodging
 - Level 1.5(6.5) Stealth
 - Level 4.1 Invocations


You had 10 spell levels left.
You didn't know any spells.
Your spell library was empty.

Inventory:

Hand Weapons
 b - a +0 sling of flaming
 Y - a +2 shortbow (weapon)
Armour
 g - +0 steam dragon scales (worn)
 i - the +1 leather armour of Distant Shores {Harm rC- Regen+}
   (You found it on level 7 of the Dungeon)

   rC:        It makes you vulnerable to cold.
   Regen:     It increases your rate of health regeneration.
   Harm:      It increases damage dealt and taken.
 k - a +0 cloak (worn)
 m - a +1 helmet (worn)
 r - a +0 pair of gloves (worn)
Jewellery
 e - a +6 ring of dexterity (left hand)
 o - the amulet "Heetimiv" {Spirit rN+}
   (You acquired it on level 7 of the Dungeon)

   [amulet of guardian spirit]

   It causes incoming damage to be divided between your reserves of health and
   magic.
   rN:        It protects you from negative energy.
 p - a ring of positive energy (right hand)
Wands
 a - a wand of digging (6)
Scrolls
 h - 3 scrolls of identify
Potions
 d - 3 potions of mutation
 f - 2 potions of haste
 l - a potion of resistance
 n - a potion of curing
 q - a potion of might

Dungeon Overview and Level Annotations

Branches:
Dungeon (10/15)            Temple (1/1) D:6
   Lair: D:8-11         Orc: D:9-12

Altars:
Ashenzari
Dithmenos
Elyvilon
Gozag
Hepliaklqana
Makhleb
Nemelex Xobeh
Okawaru
Sif Muna
Uskayaw
Vehumet
Wu Jian
Yredelemnul
Zin

Shops:
D:8 *

Annotations:
D:2 1 runed translucent door, Crazy Yiuf
D:4 3 runed translucent doors, qw's ghost, amateur GrFi; qw's ghost, amateur GrHu
D:8 4 transporters


Message History

You kill the yak!
Okawaru accepts your kill. The yak gores you. The yak closely misses you.
You shoot an arrow. The arrow hits the yak!!
The yak is heavily wounded.
The yak completely misses you.
You shoot an arrow. The arrow hits the yak!!
You kill the yak!
Okawaru accepts your kill.
You shoot an arrow. The arrow hits the yak.
The yak is lightly wounded.
The yak gores you but does no damage. The yak completely misses you.
You shoot an arrow.
The arrow hits the yak but does no damage.
The yak is lightly wounded.
The yak gores you but does no damage. The yak closely misses you.
You shoot an arrow. The arrow hits the yak.
The yak is lightly wounded.
You have got your breath back.
11051 ||| INVOKING Spit Poison.
Aiming: Spit Poison (1% risk of failure)
Press: ? - help, Shift-Dir - straight line, f/p - yak The splash of poison hits the yak!
The yak is poisoned.
The yak is moderately wounded.
The yak gores you but does no damage. The yak barely misses you.
You shoot an arrow. The arrow hits the yak.
The yak is heavily wounded.
The yak completely misses you. The yak misses you.
You shoot an arrow. The arrow hits the yak!
The yak is severely wounded.
The yak closely misses you. The yak gores you!
You shoot an arrow. The arrow hits the yak.
The yak is almost dead.
The yak closely misses you. The yak gores you.
You shoot an arrow. The arrow barely misses the yak.
You shoot an arrow. The arrow hits the yak.
The yak is almost dead.
You have got your breath back.
The yak gores you!
You die...

.......# '####### .#
##### #######+###
....#######.........#
....'....##.........#
....####..'.........#
....# ####.........#
....# #....Y@...#
....# ######Y####
##+## #.# .<# ###


You could see 2 yaks.

Vanquished Creatures
  A hornet (D:7)
  A troll (D:7)
  Sigmund (D:4)
  2 shadows
  25 yaks
  4 steam dragons
  Menkaure (D:6)
  An acid dragon (D:10)
  2 water moccasins (D:5)
  2 ice beasts (D:7)
  2 orc warriors
  A black bear (D:3)
  3 sky beasts
  A centaur (D:7)
  5 kobold brigands
  A scorpion (D:6)
  10 wights (D:8)
  3 killer bees (D:9)
  5 orc priests
  A jelly (D:7)
  2 sleepcaps (D:5)
  A hound (D:4)
  Natasha (twice) (D:2)
  2 iguanas
  6 orc wizards
  Robin (D:4)
  9 adders
  6 gnolls
  A shadow imp (D:5)
  2 white imps
  An ufetubus (D:7)
  A worm (D:2)
  4 dart slugs
  36 orcs
  5 ball pythons
  4 endoplasms
  8 giant cockroaches
  12 goblins
  12 hobgoblins
  33 kobolds
  9 quokkas
  A bat (D:2)
  3 frilled lizards
  8 rats
241 creatures vanquished.

Notes
Turn   | Place    | Note
-------+----------+-------------------------------------------
     0 | D:1      | qw the Naga Hunter began the quest for the Orb.
     0 | D:1      | Reached XP level 1. HP: 19/19 MP: 1/1
     0 | D:1      | 0 ||| qw: Version: 0.2-a-29-gc1b59c4
     0 | D:1      | 0 ||| qw: Game counter: 4439
     0 | D:1      | 0 ||| qw: Always use a shield: true
     0 | D:1      | 0 ||| qw: God list: Okawaru
     0 | D:1      | 0 ||| qw: Allow faded altars: false
     0 | D:1      | 0 ||| qw: Do Orc after D:15 true
     0 | D:1      | 0 ||| qw: Do second Lair branch before Depths: true
     0 | D:1      | 0 ||| qw: Lair rune preference: random
     0 | D:1      | 0 ||| qw: Plans: Normal
     0 | D:1      | 0 ||| PLANNING D:1-11
    39 | D:1      | 39 ||| INVOKING Spit Poison.
    49 | D:1      | 49 ||| INVOKING Spit Poison.
    82 | D:1      | 82 ||| INVOKING Spit Poison.
    94 | D:1      | 94 ||| INVOKING Spit Poison.
   108 | D:1      | Reached skill level 4 in Ranged Weapons
   108 | D:1      | Reached XP level 2. HP: 26/26 MP: 2/2
   216 | D:1      | 216 ||| INVOKING Spit Poison.
   328 | D:1      | 328 ||| INVOKING Spit Poison.
   344 | D:1      | 344 ||| INVOKING Spit Poison.
   369 | D:1      | 369 ||| INVOKING Spit Poison.
   520 | D:1      | 520 ||| INVOKING Spit Poison.
   525 | D:1      | 525 ||| INVOKING Spit Poison.
   539 | D:1      | 539 ||| INVOKING Spit Poison.
   543 | D:1      | 543 ||| INVOKING Spit Poison.
   548 | D:1      | 548 ||| INVOKING Spit Poison.
   552 | D:1      | 552 ||| INVOKING Spit Poison.
   558 | D:1      | 558 ||| INVOKING Spit Poison.
   619 | D:1      | 619 ||| INVOKING Spit Poison.
   621 | D:1      | Reached XP level 3. HP: 32/32 MP: 3/3
   633 | D:1      | 633 ||| INVOKING Spit Poison.
   656 | D:1      | 656 ||| INVOKING Spit Poison.
   822 | D:1      | 822 ||| UPGRADING to +6 ring of dexterity.
   823 | D:1      | 823 ||| READING scroll labelled ZOTAEB YLIY.
   824 | D:1      | 824 ||| DRINKING 2 fuming green potions.
   825 | D:1      | 825 ||| DROPPING scroll of butterflies.
   884 | D:2      | 884 ||| INVOKING Spit Poison.
   888 | D:2      | 888 ||| INVOKING Spit Poison.
   946 | D:2      | Noticed Natasha
   949 | D:2      | 949 ||| INVOKING Spit Poison.
   951 | D:2      | Killed Natasha
   952 | D:2      | Reached skill level 5 in Ranged Weapons
   952 | D:2      | Reached XP level 4. HP: 30/39 MP: 4/4
   985 | D:2      | 985 ||| INVOKING Spit Poison.
   994 | D:2      | 994 ||| INVOKING Spit Poison.
  1003 | D:2      | 1003 ||| INVOKING Spit Poison.
  1004 | D:2      | 1004 ||| INVOKING Spit Poison.
  1013 | D:2      | 1013 ||| INVOKING Spit Poison.
  1018 | D:2      | 1018 ||| INVOKING Spit Poison.
  1025 | D:2      | 1025 ||| INVOKING Spit Poison.
  1028 | D:2      | 1028 ||| INVOKING Spit Poison.
  1046 | D:2      | 1046 ||| INVOKING Spit Poison.
  1049 | D:2      | 1049 ||| INVOKING Spit Poison.
  1055 | D:2      | 1055 ||| INVOKING Spit Poison.
  1059 | D:2      | Reached skill level 3 in Fighting
  1059 | D:2      | Reached XP level 5. HP: 37/49 MP: 5/5
  1060 | D:2      | 1060 ||| INVOKING Spit Poison.
  1079 | D:2      | 1079 ||| INVOKING Spit Poison.
  1109 | D:2      | 1109 ||| INVOKING Spit Poison.
  1176 | D:2      | 1176 ||| INVOKING Spit Poison.
  1182 | D:2      | 1182 ||| INVOKING Spit Poison.
  1227 | D:2      | Found a runed translucent door.
  1228 | D:2      | Noticed Crazy Yiuf
  1289 | D:2      | 1289 ||| INVOKING Spit Poison.
  1397 | D:2      | Noticed Natasha
  1398 | D:2      | 1398 ||| INVOKING Spit Poison.
  1405 | D:2      | 1405 ||| INVOKING Spit Poison.
  1408 | D:2      | Killed Natasha
  1487 | D:2      | 1487 ||| INVOKING Spit Poison.
  1656 | D:2      | 1656 ||| INVOKING Spit Poison.
  1671 | D:2      | 1671 ||| INVOKING Spit Poison.
  1739 | D:2      | 1739 ||| INVOKING Spit Poison.
  1897 | D:2      | 1897 ||| READING scroll labelled MOBBIRCHULI.
  1898 | D:2      | 1898 ||| READING scroll labelled NUCUSK FIDO.
  1899 | D:2      | 1899 ||| READING 2 scrolls labelled LULAUJYR ZANG.
  1900 | D:2      | 1900 ||| READING scroll labelled SABBES VUMEOSSU.
  2001 | D:2      | 2001 ||| DRINKING 2 inky potions.
  2082 | D:3      | 2082 ||| INVOKING Spit Poison.
  2094 | D:3      | 2094 ||| INVOKING Spit Poison.
  2095 | D:3      | 2095 ||| INVOKING Spit Poison.
  2300 | D:3      | 2300 ||| INVOKING Spit Poison.
  2303 | D:3      | 2303 ||| Stepping ~*~*~tactically~*~*~ (outnumbered).
  2306 | D:3      | 2306 ||| INVOKING Spit Poison.
  2309 | D:3      | 2309 ||| INVOKING Spit Poison.
  2313 | D:3      | 2313 ||| INVOKING Spit Poison.
  2435 | D:3      | 2435 ||| INVOKING Spit Poison.
  2454 | D:3      | 2454 ||| INVOKING Spit Poison.
  2517 | D:3      | 2517 ||| INVOKING Spit Poison.
  2930 | D:3      | 2930 ||| UPGRADING to +0 cloak.
  2935 | D:3      | 2935 ||| READING scroll labelled KOYLUG AK INA.
  2936 | D:3      | 2936 ||| READING scroll labelled YKLUNE ZUCRAJ.
  2941 | D:3      | 2941 ||| READING 5 scrolls of identify.
  2941 | D:3      | 2941 ||| IDENTIFYING murky ruby potion
  2942 | D:3      | 2942 ||| READING 4 scrolls of identify.
  2942 | D:3      | 2942 ||| IDENTIFYING metallic golden potion
  2943 | D:3      | 2943 ||| READING 3 scrolls of identify.
  2943 | D:3      | 2943 ||| IDENTIFYING yellow potion
  2944 | D:3      | 2944 ||| READING 2 scrolls of identify.
  2944 | D:3      | 2944 ||| IDENTIFYING blue potion
  2945 | D:3      | 2945 ||| DROPPING potion of degeneration.
  2946 | D:3      | 2946 ||| DROPPING potion of enlightenment.
  2974 | D:4      | Noticed a black bear
  2975 | D:4      | 2975 ||| PLANNING SEWER
  2975 | D:4      | 2975 ||| INVOKING Spit Poison.
  2976 | D:4      | 2976 ||| STAIRDANCE
  2979 | D:3      | 2979 ||| INVOKING Spit Poison.
  2982 | D:3      | Killed a black bear
  2983 | D:3      | Reached skill level 6 in Ranged Weapons
  2983 | D:3      | Reached XP level 6. HP: 29/56 MP: 6/6
  3088 | D:4      | 3088 ||| INVOKING Spit Poison.
  3102 | D:4      | Found an ornate altar of the Wu Jian Council.
  3168 | D:4      | 3168 ||| INVOKING Spit Poison.
  3173 | D:4      | 3173 ||| INVOKING Spit Poison.
  3192 | D:4      | 3192 ||| INVOKING Spit Poison.
  3196 | D:4      | 3196 ||| INVOKING Spit Poison.
  3405 | D:4      | 3405 ||| INVOKING Spit Poison.
  3408 | D:4      | 3408 ||| INVOKING Spit Poison.
  3408 | D:4      | Noticed Sigmund
  3415 | D:4      | 3415 ||| INVOKING Spit Poison.
  3420 | D:4      | 3420 ||| INVOKING Spit Poison.
  3424 | D:4      | 3424 ||| INVOKING Spit Poison.
  3426 | D:4      | Killed Sigmund
  3427 | D:4      | Reached XP level 7. HP: 28/66 MP: 7/7
  3578 | D:4      | 3578 ||| RIP SEWER
  3593 | D:4      | 3593 ||| PLANNING D:1-11
  3595 | D:4      | 3595 ||| INVOKING Spit Poison.
  3601 | D:4      | 3601 ||| INVOKING Spit Poison.
  3608 | D:4      | 3608 ||| INVOKING Spit Poison.
  3615 | D:4      | 3615 ||| INVOKING Spit Poison.
  3619 | D:4      | 3619 ||| INVOKING Spit Poison.
  3679 | D:4      | Noticed Robin
  3682 | D:4      | 3682 ||| INVOKING Spit Poison.
  3688 | D:4      | 3688 ||| INVOKING Spit Poison.
  3690 | D:4      | Killed Robin
  3890 | D:4      | 3890 ||| INVOKING Spit Poison.
  3895 | D:4      | 3895 ||| INVOKING Spit Poison.
  3898 | D:4      | 3898 ||| INVOKING Spit Poison.
  3904 | D:4      | 3904 ||| INVOKING Spit Poison.
  3907 | D:4      | 3907 ||| INVOKING Spit Poison.
  4063 | D:4      | 4063 ||| INVOKING Spit Poison.
  4068 | D:4      | 4068 ||| INVOKING Spit Poison.
  4080 | D:4      | 4080 ||| INVOKING Spit Poison.
  4083 | D:4      | 4083 ||| INVOKING Spit Poison.
  4089 | D:4      | 4089 ||| INVOKING Spit Poison.
  4194 | D:4      | Found a runed translucent gate.
  4194 | D:4      | Found a runed translucent gate.
  4194 | D:4      | Found a runed translucent gate.
  4195 | D:4      | Noticed qw's ghost (amateur GrFi)
  4196 | D:4      | Noticed qw's ghost (amateur GrFi)
  4196 | D:4      | Noticed qw's ghost (amateur GrHu)
  4293 | D:4      | 4293 ||| UPGRADING to +0 helmet.
  4298 | D:4      | 4298 ||| READING scroll labelled ITALYR YRIREGH.
  4424 | D:5      | Entered Level 5 of the Dungeon
  4527 | D:5      | 4527 ||| INVOKING Spit Poison.
  4533 | D:5      | 4533 ||| INVOKING Spit Poison.
  4535 | D:5      | Reached skill level 7 in Ranged Weapons
  4589 | D:5      | 4589 ||| INVOKING Spit Poison.
  4607 | D:5      | Reached skill level 1 in Armour
  4626 | D:5      | 4626 ||| INVOKING Spit Poison.
  4630 | D:5      | 4630 ||| Stepping ~*~*~tactically~*~*~ (outnumbered).
  4632 | D:5      | 4632 ||| INVOKING Spit Poison.
  4638 | D:5      | 4638 ||| INVOKING Spit Poison.
  4639 | D:5      | 4639 ||| DRINKING potion of curing.
  4639 | D:5      | 4639 ||| (to cure confusion)
  4642 | D:5      | 4642 ||| INVOKING Spit Poison.
  4644 | D:5      | Reached XP level 8. HP: 62/73 MP: 8/8
  4645 | D:5      | 4645 ||| INVOKING Spit Poison.
  4649 | D:5      | 4649 ||| INVOKING Spit Poison.
  4692 | D:5      | 4692 ||| INVOKING Spit Poison.
  4765 | D:5      | 4765 ||| INVOKING Spit Poison.
  4768 | D:5      | 4768 ||| INVOKING Spit Poison.
  4774 | D:5      | 4774 ||| INVOKING Spit Poison.
  4906 | D:5      | 4906 ||| INVOKING Spit Poison.
  5037 | D:5      | 5037 ||| INVOKING Spit Poison.
  5506 | D:5      | 5506 ||| READING 2 scrolls of identify.
  5506 | D:5      | 5506 ||| IDENTIFYING amethyst potion
  5507 | D:5      | 5507 ||| DROPPING potion of invisibility.
  5625 | D:6      | 5625 ||| INVOKING Spit Poison.
  5626 | D:6      | Reached skill level 8 in Ranged Weapons
  5631 | D:6      | 5631 ||| INVOKING Spit Poison.
  5636 | D:6      | 5636 ||| INVOKING Spit Poison.
  5640 | D:6      | 5640 ||| INVOKING Spit Poison.
  5645 | D:6      | 5645 ||| INVOKING Spit Poison.
  5650 | D:6      | 5650 ||| INVOKING Spit Poison.
  5654 | D:6      | 5654 ||| INVOKING Spit Poison.
  5655 | D:6      | Reached skill level 3 in Dodging
  5807 | D:6      | 5807 ||| INVOKING Spit Poison.
  5810 | D:6      | Found a staircase to the Ecumenical Temple.
  5812 | D:6      | 5812 ||| PLANNING TEMPLE
  5820 | Temple   | Entered the Ecumenical Temple
  5821 | Temple   | 5821 ||| PLANNING OKAWARU WORSHIP
  5825 | Temple   | Became a worshipper of Warmaster Okawaru
  5825 | Temple   | 5825 ||| PLANNING D:1-11
  5833 | D:6      | Noticed a shadow
  5856 | D:6      | Killed a shadow
  5989 | D:6      | 5989 ||| INVOKING Spit Poison.
  6068 | D:6      | 6068 ||| Stepping ~*~*~tactically~*~*~ (outnumbered).
  6069 | D:6      | 6069 ||| INVOKING Spit Poison.
  6076 | D:6      | 6076 ||| INVOKING Spit Poison.
  6080 | D:6      | 6080 ||| INVOKING Spit Poison.
  6084 | D:6      | 6084 ||| INVOKING Spit Poison.
  6087 | D:6      | 6087 ||| INVOKING Spit Poison.
  6091 | D:6      | 6091 ||| INVOKING Spit Poison.
  6099 | D:6      | 6099 ||| INVOKING Spit Poison.
  6105 | D:6      | Reached skill level 9 in Ranged Weapons
  6105 | D:6      | 6105 ||| INVOKING Spit Poison.
  6108 | D:6      | 6108 ||| FLEEEEING.
  6109 | D:6      | 6109 ||| STAIRDANCE
  6111 | D:5      | 6111 ||| INVOKING Spit Poison.
  6132 | D:5      | 6132 ||| DROPPING +6 ring of intelligence.
  6133 | D:5      | 6133 ||| READING scroll labelled ZOL BELENIKH.
  6134 | D:5      | 6134 ||| DRINKING 3 fuming inky potions.
  6238 | D:5      | 6238 ||| DROPPING 2 potions of berserk rage.
  6244 | D:6      | 6244 ||| INVOKING Spit Poison.
  6272 | D:6      | Noticed Menkaure
  6280 | D:6      | Killed Menkaure
  6280 | D:6      | Reached * piety under Okawaru
  6281 | D:6      | Reached XP level 9. HP: 82/82 MP: 9/9
  6475 | D:6      | 6475 ||| READING 2 scrolls of identify.
  6475 | D:6      | 6475 ||| IDENTIFYING fizzy amethyst potion
  6501 | D:7      | 6501 ||| INVOKING Spit Poison.
  6503 | D:7      | 6503 ||| Stepping ~*~*~tactically~*~*~ (outnumbered).
  6505 | D:7      | 6505 ||| INVOKING Spit Poison.
  6509 | D:7      | 6509 ||| Stepping ~*~*~tactically~*~*~ (outnumbered).
  6510 | D:7      | 6510 ||| INVOKING Spit Poison.
  6514 | D:7      | 6514 ||| INVOKING Spit Poison.
  6519 | D:7      | Reached skill level 1 in Invocations
  6521 | D:7      | 6521 ||| INVOKING Heroism.
  6522 | D:7      | 6522 ||| INVOKING Spit Poison.
  6532 | D:7      | Reached skill level 6 in Fighting
  6532 | D:7      | 6532 ||| INVOKING Spit Poison.
  6636 | D:7      | Identified the +1 leather armour of Distant Shores {Harm
                  | rC- Regen+}
  6641 | D:7      | 6641 ||| INVOKING Spit Poison.
  6689 | D:7      | Noticed a hornet
  6690 | D:7      | 6690 ||| INVOKING Spit Poison.
  6691 | D:7      | 6691 ||| Stepping ~*~*~tactically~*~*~ (outnumbered).
  6694 | D:7      | 6694 ||| INVOKING Heroism.
  6697 | D:7      | 6697 ||| INVOKING Spit Poison.
  6698 | D:7      | Killed a hornet
  6736 | D:7      | 6736 ||| INVOKING Spit Poison.
  6742 | D:7      | 6742 ||| INVOKING Heroism.
  6743 | D:7      | 6743 ||| INVOKING Spit Poison.
  6747 | D:7      | 6747 ||| INVOKING Spit Poison.
  6759 | D:7      | Noticed a troll
  6761 | D:7      | 6761 ||| INVOKING Spit Poison.
  6768 | D:7      | 6768 ||| INVOKING Spit Poison.
  6768 | D:7      | Killed a troll
  7095 | D:7      | 7095 ||| INVOKING Spit Poison.
  7099 | D:7      | Reached skill level 3 in Invocations
  7164 | D:7      | 7164 ||| INVOKING Spit Poison.
  7347 | D:7      | Found a shimmering blue altar of Sif Muna.
  7347 | D:7      | Found a basalt altar of Yredelemnul.
  7446 | D:7      | 7446 ||| INVOKING Spit Poison.
  7523 | D:7      | 7523 ||| INVOKING Heroism.
  7567 | D:7      | 7567 ||| INVOKING Spit Poison.
  7573 | D:7      | 7573 ||| INVOKING Spit Poison.
  7578 | D:7      | 7578 ||| INVOKING Spit Poison.
  7586 | D:7      | 7586 ||| INVOKING Heroism.
  7591 | D:7      | Reached skill level 10 in Ranged Weapons
  7591 | D:7      | 7591 ||| INVOKING Spit Poison.
  7708 | D:7      | 7708 ||| READING scroll labelled IMOITTY TISK.
  7708 | D:7      | Identified a scroll of acquirement
  7708 | D:7      | 7708 ||| ACQUIRING amulet "Heetimiv" {Spirit rN+}
  7708 | D:7      | Acquired the amulet "Heetimiv" {Spirit rN+}
  7710 | D:7      | 7710 ||| DRINKING 2 fuming emerald potions.
  7711 | D:7      | 7711 ||| DROPPING potion of attraction.
  7738 | D:8      | Found Xyqyohug's General Store.
  7747 | D:8      | 7747 ||| SHOPLISTING +4 ring of protection (540 gold, have
                  | 421).
  7747 | D:8      | 7747 ||| BUYING potion of curing (45 gold).
  7747 | D:8      | Bought a potion of curing for 45 gold pieces
  7747 | D:8      | 7747 ||| BUYING ring of positive energy (300 gold).
  7747 | D:8      | Bought a ring of positive energy for 300 gold pieces
  7747 | D:8      | 7747 ||| BUYING scroll of identify (30 gold).
  7747 | D:8      | Bought a scroll of identify for 30 gold pieces
  7752 | D:8      | 7752 ||| INVOKING Spit Poison.
  7758 | D:8      | 7758 ||| INVOKING Spit Poison.
  7881 | D:8      | 7881 ||| INVOKING Spit Poison.
  7891 | D:8      | 7891 ||| INVOKING Heroism.
  7892 | D:8      | 7892 ||| INVOKING Spit Poison.
  7899 | D:8      | 7899 ||| INVOKING Spit Poison.
  7909 | D:8      | 7909 ||| INVOKING Spit Poison.
  7932 | D:8      | 7932 ||| INVOKING Heroism.
  8069 | D:8      | 8069 ||| INVOKING Spit Poison.
  8076 | D:8      | 8076 ||| INVOKING Spit Poison.
  8082 | D:8      | Reached XP level 10. HP: 71/94 MP: 13/13
  8082 | D:8      | 8082 ||| INVOKING Spit Poison.
  8085 | D:8      | 8085 ||| INVOKING Heroism.
  8087 | D:8      | 8087 ||| INVOKING Spit Poison.
  8095 | D:8      | 8095 ||| INVOKING Spit Poison.
  8095 | D:8      | HP: 20/94 [yak (14)]
  8096 | D:8      | 8096 ||| READING 4 scrolls of teleportation.
  8096 | D:8      | HP: 6/94 [yak (14)]
  8097 | D:8      | 8097 ||| DRINKING 2 potions of heal wounds.
  8289 | D:8      | Found a transporter.
  8293 | D:8      | Found a transporter.
  8331 | D:8      | 8331 ||| INVOKING Heroism.
  8334 | D:8      | 8334 ||| INVOKING Spit Poison.
  8336 | D:8      | 8336 ||| Stepping ~*~*~tactically~*~*~ (cloud).
  8340 | D:8      | 8340 ||| INVOKING Spit Poison.
  8434 | D:8      | 8434 ||| INVOKING Spit Poison.
  8441 | D:8      | 8441 ||| INVOKING Spit Poison.
  8444 | D:8      | 8444 ||| INVOKING Heroism.
  8450 | D:8      | 8450 ||| INVOKING Spit Poison.
  8646 | D:8      | 8646 ||| READING scroll of enchant armour.
  8646 | D:8      | 8646 ||| ENCHANTING +0 helmet.
  8671 | D:8      | 8671 ||| Stepping ~*~*~tactically~*~*~ (outnumbered).
  8673 | D:8      | 8673 ||| Stepping ~*~*~tactically~*~*~ (outnumbered).
  8687 | D:8      | 8687 ||| INVOKING Heroism.
  8689 | D:8      | 8689 ||| INVOKING Spit Poison.
  8695 | D:8      | 8695 ||| INVOKING Spit Poison.
  8705 | D:8      | 8705 ||| INVOKING Spit Poison.
  8718 | D:8      | 8718 ||| INVOKING Heroism.
  8720 | D:8      | 8720 ||| INVOKING Spit Poison.
  8898 | D:8      | Found a transporter.
  8918 | D:8      | Found a transporter.
  9020 | D:8      | 9020 ||| INVOKING Spit Poison.
  9025 | D:8      | 9025 ||| INVOKING Spit Poison.
  9032 | D:8      | 9032 ||| INVOKING Spit Poison.
  9038 | D:8      | 9038 ||| INVOKING Spit Poison.
  9186 | D:8      | 9186 ||| INVOKING Spit Poison.
  9247 | D:8      | 9247 ||| UPGRADING to +0 pair of gloves.
  9252 | D:8      | 9252 ||| UPGRADING to ring of positive energy.
  9253 | D:8      | 9253 ||| READING 2 scrolls labelled TOMUUSS NENI.
  9254 | D:8      | 9254 ||| READING scroll of enchant weapon.
  9254 | D:8      | 9254 ||| ENCHANTING +1 shortbow.
  9255 | D:8      | 9255 ||| READING 4 scrolls of identify.
  9255 | D:8      | 9255 ||| IDENTIFYING bubbling ruby potion
  9425 | D:9      | 9425 ||| INVOKING Spit Poison.
  9431 | D:9      | 9431 ||| INVOKING Spit Poison.
  9432 | D:9      | Reached skill level 11 in Ranged Weapons
  9435 | D:9      | 9435 ||| INVOKING Spit Poison.
  9436 | D:9      | 9436 ||| INVOKING Heroism.
  9439 | D:9      | HP: 23/92 [yak (6)]
  9440 | D:9      | 9440 ||| READING 3 scrolls of teleportation.
  9441 | D:9      | 9441 ||| DRINKING potion of heal wounds.
  9442 | D:9      | 9442 ||| INVOKING Spit Poison.
  9612 | D:9      | 9612 ||| INVOKING Spit Poison.
  9618 | D:9      | 9618 ||| INVOKING Spit Poison.
  9623 | D:9      | 9623 ||| INVOKING Heroism.
  9625 | D:9      | 9625 ||| INVOKING Spit Poison.
  9629 | D:9      | 9629 ||| INVOKING Spit Poison.
  9797 | D:9      | 9797 ||| INVOKING Spit Poison.
  9804 | D:9      | 9804 ||| INVOKING Heroism.
  9805 | D:9      | 9805 ||| INVOKING Spit Poison.
  9928 | D:9      | 9928 ||| INVOKING Spit Poison.
  9934 | D:9      | 9934 ||| INVOKING Heroism.
  9935 | D:9      | 9935 ||| INVOKING Spit Poison.
  9942 | D:9      | 9942 ||| INVOKING Spit Poison.
  9998 | D:9      | 9998 ||| INVOKING Spit Poison.
 10004 | D:9      | 10004 ||| INVOKING Spit Poison.
 10006 | D:9      | 10006 ||| INVOKING Heroism.
 10010 | D:9      | 10010 ||| INVOKING Spit Poison.
 10014 | D:9      | 10014 ||| INVOKING Spit Poison.
 10020 | D:9      | 10020 ||| INVOKING Spit Poison.
 10020 | D:9      | HP: 13/96 [yak (12)]
 10021 | D:9      | 10021 ||| READING 2 scrolls of teleportation.
 10022 | D:9      | HP: 6/96 [yak (8)]
 10313 | D:9      | 10313 ||| INVOKING Heroism.
 10314 | D:9      | 10314 ||| Stepping ~*~*~tactically~*~*~ (cloud).
 10315 | D:9      | 10315 ||| INVOKING Spit Poison.
 10321 | D:9      | 10321 ||| INVOKING Spit Poison.
 10325 | D:9      | 10325 ||| Stepping ~*~*~tactically~*~*~ (cloud).
 10326 | D:9      | 10326 ||| Stepping ~*~*~tactically~*~*~ (cloud).
 10329 | D:9      | 10329 ||| INVOKING Spit Poison.
 10378 | D:9      | 10378 ||| INVOKING Spit Poison.
 10383 | D:9      | 10383 ||| INVOKING Heroism.
 10386 | D:9      | 10386 ||| INVOKING Spit Poison.
 10393 | D:9      | 10393 ||| INVOKING Spit Poison.
 10399 | D:9      | HP: 24/96 [yak (4)]
 10400 | D:9      | 10400 ||| READING scroll of teleportation.
 10401 | D:9      | 10401 ||| INVOKING Spit Poison.
 10404 | D:9      | 10404 ||| INVOKING Heroism.
 10411 | D:9      | 10411 ||| INVOKING Spit Poison.
 10413 | D:9      | Reached XP level 11. HP: 20/103 MP: 12/14
 10645 | D:9      | Found an opulent altar of Gozag.
 10654 | D:9      | 10654 ||| INVOKING Spit Poison.
 10661 | D:9      | Reached skill level 12 in Ranged Weapons
 10662 | D:9      | 10662 ||| INVOKING Spit Poison.
 10666 | D:9      | 10666 ||| INVOKING Spit Poison.
 10793 | D:9      | 10793 ||| UPGRADING to +0 steam dragon scales.
 10803 | D:9      | 10803 ||| DROPPING +0 leather armour.
 10804 | D:9      | 10804 ||| READING scroll labelled JADOMI FUKHLUD.
 10831 | D:10     | Entered Level 10 of the Dungeon
 10876 | D:10     | 10876 ||| INVOKING Spit Poison.
 10884 | D:10     | 10884 ||| INVOKING Spit Poison.
 10890 | D:10     | Reached skill level 3 in Armour
 10892 | D:10     | 10892 ||| INVOKING Spit Poison.
 10896 | D:10     | Reached ** piety under Okawaru
 11018 | D:10     | 11018 ||| INVOKING Spit Poison.
 11027 | D:10     | 11027 ||| INVOKING Spit Poison.
 11030 | D:10     | 11030 ||| INVOKING Heroism.
 11032 | D:10     | 11032 ||| INVOKING Spit Poison.
 11038 | D:10     | HP: 25/103 [yak (5)]
 11041 | D:10     | 11041 ||| INVOKING Spit Poison.
 11045 | D:10     | HP: 12/103 [yak (3)]
 11051 | D:10     | 11051 ||| INVOKING Spit Poison.
 11053 | D:10     | HP: 6/103 [yak (8)]
 11056 | D:10     | Mangled by a yak

Levels and vault maps discovered:
D:1:      dpeg_arrival_court, layout_basic, st_stairs_1
D:2:      layout_basic, st_stairs_9, corexii_item_surrounded_by_moat,
          amcnicky_mini_corridor_feature, uniq_natasha, uniq_crazy_yiuf_cottage
D:3:      layout_loops_corners
D:4:      layout_layer_cave, general_overflow_altar, gup_sewer_entry_spiral,
          gammafunk_ghost_cemetery, uniq_robin, uniq_sigmund
D:5:      layout_basic, nrook_mini_vaults
D:6:      layout_basic, minmay_temple_entry_grid, chequers_serial_rivers_room_b,
          uniq_menkaure
D:7:      layout_loops_ring, gammafunk_temple_overflow_pools,
          grunt_ministairs_11, nicolae_titane
D:8:      layout_loops_ring, serial_shops, shop, nicolae_transporter_circle
D:9:      layout_cave_pools, nicolae_gozag_seed_capital, enter_bailey_2
D:10:     layout_roguey, lemuel_tele_altar, mainiacjoe_overflow_alcove_1,
          grunt_temple_overflow_open, dpeg_lair_monsters
Temple:   hellmonk_temple_micro_hex

Skill      XL: |  1  2  3  4  5  6  7  8  9 10 11 |
---------------+----------------------------------+-----
Ranged Weapons | 4 5 6 7 9 10 11 12 | 12.5
Fighting       | 3 4 5 7 8 |  8.0
Dodging        | 2 3 4 5 |  5.0
Armour         | 1 2 3 |  3.0
Invocations    | 4 |  4.1
Stealth        | |  1.5

Action                     |  1- 3 |  4- 6 |  7- 9 | 10-12 || total
---------------------------+-------+-------+-------+-------++-------
   Fire: Shortbow          |    48 |   113 |   411 |   297 ||   869
 Invoke: Heroism           |       |       |     7 |    14 ||    21
Ability: Spit Poison       |    21 |    43 |    80 |    54 ||   198
    Use: Scroll            |     1 |    10 |     5 |     9 ||    25
         Potion            |     1 |     1 |     3 |     2 ||     7
 Armour: Leather armour    |       |    27 |    85 |    44 ||   156
         Steam dragon scal |       |       |       |    13 ||    13
  Dodge: Dodged            |     1 |    51 |   148 |   188 ||   388

Table legend:
 A = Non-vault XP
 B = Vault XP
 C = Vault XP percentage of total XP
 D = Non-vault monster count
 E = Vault monster count
 F = Vault count percentage of total count
                 A         B        C        D         E       F
            +---------+---------+-------+---------+---------+-------
      Total |   10877 |     716 |   6.2 |     208 |      33 |  13.7
            +---------+---------+-------+---------+---------+-------
        D:1 |      39 |       4 |   9.3 |      19 |       2 |   9.5
        D:2 |     155 |      39 |  20.1 |      27 |       3 |  10.0
        D:3 |     201 |       0 |   0.0 |      13 |       0 |   0.0
        D:4 |     183 |     279 |  60.4 |      13 |      20 |  60.6
        D:5 |     572 |       0 |   0.0 |      22 |       0 |   0.0
        D:6 |     786 |     169 |  17.7 |      22 |       1 |   4.3
        D:7 |    1255 |     225 |  15.2 |      23 |       7 |  23.3
        D:8 |    2242 |       0 |   0.0 |      36 |       0 |   0.0
        D:9 |    3633 |       0 |   0.0 |      24 |       0 |   0.0
       D:10 |    1811 |       0 |   0.0 |       9 |       0 |   0.0
            +---------+---------+-------+---------+---------+-------
